 Dungeon Crawl Stone Soup version 0.30.1-11-g7821555f0a (webtiles) character file.

Game seed: 14660987884209272487

494 lonewolfV2 the Covered (level 7, -8/56 HPs)
             Began as a Formicid Fighter on Nov 6, 2023.
             Was an Initiate of Qazlal.
             Killed by divine providence
             ... invoked by an orc priest
              (14 damage)
             ... on level 4 of the Dungeon.
             The game lasted 00:05:53 (4117 turns).

lonewolfV2 the Covered (Formicid Fighter)           Turns: 4117, Time: 00:05:53

Health: -8/56      AC: 22    Str: 22    XL:     7   Next: 38%
Magic:  7/7        EV: 14    Int:  8    God:    Qazlal [......]
Gold:   224        SH:  5    Dex: 13    Spells: 6/6 levels left

rFire   . . .        f - +2 halberd (protect)
rCold   . . .        c - +0 buckler
rNeg    . . .        l - +0 chain mail
rPois   .            (helmet unavailable)
rElec   .            (no cloak)
rCorr   .            (no gloves)
SInv    +            t - +0 pair of boots
Will    .....        (no amulet) Stlth
                     q - +5 ring of evasion
HPRegen 0.29/turn    n - +4 ring of protection
MPRegen 0.10/turn

%: no passive effects
@: under a protective aura
A: permanent stasis, dig shafts and tunnels, antennae 3, four strong arms
a: Dig, Shaft Self, Renounce Religion


You were on level 4 of the Dungeon.
You worshipped Qazlal.
Qazlal was noncommittal.
You visited 2 branches of the dungeon, and saw 5 of its levels.

You collected 224 gold pieces.

Inventory:

Hand Weapons
 a - a +2 war axe of chaos
 f - a +2 halberd of protection (weapon)
Armour
 c - a +0 buckler (worn)
 l - a +0 chain mail (worn)
 t - a +0 pair of boots (worn)
Jewellery
 h - a ring of wizardry
 j - a ring of positive energy
 n - a +4 ring of protection (right hand)
 q - a +5 ring of evasion (left hand)
Wands
 r - a wand of polymorph (6)
Scrolls
 m - a scroll of magic mapping
 o - 2 scrolls of vulnerability
 v - a scroll of enchant weapon
 w - a scroll of fog {unknown}
Potions
 b - a potion of degeneration {unknown}
 d - 2 potions of might
 e - 2 potions of curing {unknown}
 g - a potion of cancellation {unknown}
 i - a potion of berserk rage {unknown}
 k - 2 potions of ambrosia {unknown}
 p - a potion of invisibility {unknown}
 s - 3 potions of lignification {unknown}
 u - a potion of resistance


   Skills:
 + Level 5.1 Fighting
 - Level 2.0 Axes
 - Level 5.1 Armour
 * Level 4.5 Dodging
 - Level 4.0 Shields
 * Level 0.6 Invocations


You had 6 spell levels left.
You didn't know any spells.
Your spell library contained the following spells:

 Spells                   Type           Power      Damage    Failure   Level
 Lesser Beckoning         Tloc           0%         N/A       99%         2
 Momentum Strike          Conj/Tloc      0%         3d8       99%         2
 Dazzling Flash           Conj/Hex       0%         N/A       100%        3
 Inner Flame              Hex/Fire       0%         N/A       100%        3
 Volatile Blastmotes      Fire/Tloc      0%         2d10      100%        3
 Iskenderun's Mystic Bla  Conj/Tloc      0%         2d3       100%        4
 Arcjolt                  Conj/Air       0%         1d10      100%        5
 Iskenderun's Battlesphe  Conj           0%         2d6       100%        5
 Yara's Violent Unravell  Hex/Tmut       0%         3d3       100%        5
 Iron Shot                Conj/Erth      0%         9d1       100%        6
 Plasma Beam              Fire/Air       0%         2x1d11    100%        6
 Starburst                Conj/Fire      0%         6d3       100%        6
 Enfeeble                 Hex            0%         N/A       100%        7
 Spellforged Servitor     Conj/Summ      0%         N/A       100%        7
 Blink                    Tloc           Unusable   N/A       N/A         2
 Vhi's Electric Charge    Tloc/Air       Unusable   N/A       N/A         3

Dungeon Overview and Level Annotations

Branches:
Dungeon (4/15)             Temple (1/1) D:4

Altars:
Ashenzari
Dithmenos
Hepliaklqana
Makhleb
Qazlal
Ru
Sif Muna
Wu Jian
Xom
Zin
The Shining One


Innate Abilities, Weirdness & Mutations

You cannot be hasted, slowed, berserked, paralysed or teleported.
You can dig through walls and to a lower floor.
You have a pair of large antennae on your head. (SInv)
Your four strong arms can wield two-handed weapons with a shield.


Message History

The hound closely misses you.
The orc priest invokes the aid of Beogh against you.
Pain shoots through your body!
You slash the hound!
Your weapon exudes an aura of protection.
You kill the hound!
Qazlal accepts your kill. The orc priest misses you.
You closely miss the howler monkey.
The howler monkey hoots and howls with incredible vigour!
You block the orc priest's attack.
The howler monkey hits you but does no damage.
The orc priest calls down the wrath of Beogh upon you.
You struggle to resist.
You hear an angry hiss. x2; You hear a shout!
You slash the howler monkey!
Your weapon exudes an aura of protection.
The howler monkey is moderately wounded.
The howler monkey hits you but does no damage.
The orc priest hits you but does no damage.
You barely miss the howler monkey.
The howler monkey is moderately wounded.
The howler monkey hits you but does no damage.
The orc priest invokes the aid of Beogh against you.
Beogh smites you! The howler monkey closely misses you.
You puncture the howler monkey!
The howler monkey is almost dead.
The orc priest mumbles some strange prayers to Beogh against you.
Beogh smites you!
The howler monkey hits you but does no damage.
The orc priest invokes the aid of Beogh against you.
Beogh smites you!
* * * LOW HITPOINT WARNING * * *
The howler monkey closely misses you.
You barely miss the howler monkey.
The howler monkey is almost dead.
The howler monkey hoots and howls with incredible vigour!
The orc priest calls down the wrath of Beogh upon you.
Beogh smites you!
You die...

....######..............# ....#
#######.####...# ##### ....# #.##
#...# #.... ...># #..# #...#
#.##. ....# ##'###########.##.
....# *###** #.(..##........#.
....# **,...###.88.##.#####..#.
....# *,***#.o#.88.##.#....)...
#########,* #.h@....##.#.......#
#.....#,* #########.....).....
###.....#{****,,,,*#......#)##.##
.##.....#*,,,,****,#.#..#.#....#
..#.....#*********,#.#..#.#.#####
#.......#*,,**,,**{#.#..#........
###..####*,,**{,**,#<...#...#####
##..# ***,,**,,*#.##..........
##.## *{,**,{*#.#...#######.


You could see a howler monkey (catching breath) and an orc priest.

Vanquished Creatures
  An ogre (D:4)
  A scorpion (D:4)
  Crazy Yiuf (D:3)
  A hound (D:4)
  A sleepcap (D:4)
  An iguana (D:4)
  Natasha (thrice) (D:2)
  Robin (D:3)
  4 gnolls
  4 adders
  A worm (D:3)
  2 dart slugs
  7 bats
  4 endoplasms
  3 giant cockroaches
  18 goblins
  9 hobgoblins
  6 kobolds
  A quokka (D:1)
  9 ball pythons
  2 frilled lizards (D:3)
  6 rats
86 creatures vanquished.

Vanquished Creatures (others)
  An endoplasm (D:3)
1 creature vanquished.

Grand Total: 87 creatures vanquished

Notes
Turn   | Place    | Note
-------+----------+-------------------------------------------
     0 | D:1      | lonewolfV2 the Formicid Fighter began the quest for the
                  | Orb.
     0 | D:1      | Reached XP level 1. HP: 18/18 MP: 1/1
   141 | D:1      | Reached XP level 2. HP: 18/24 MP: 2/2
   195 | D:1      | Reached skill level 1 in Dodging
   289 | D:1      | Reached XP level 3. HP: 29/29 MP: 3/3
  1468 | D:2      | Reached XP level 4. HP: 37/37 MP: 4/4
  1672 | D:2      | Noticed Natasha
  1685 | D:2      | Killed Natasha
  1793 | D:2      | Noticed Natasha
  1809 | D:2      | Killed Natasha
  1810 | D:2      | Reached XP level 5. HP: 19/42 MP: 5/5
  1830 | D:2      | Noticed Natasha
  1841 | D:2      | Killed Natasha
  2358 | D:3      | Found a shadowy altar of Dithmenos.
  2625 | D:3      | Found an ornate altar of the Wu Jian Council.
  2642 | D:3      | Noticed Robin
  2651 | D:3      | Killed Robin
  2672 | D:3      | Reached XP level 6. HP: 48/49 MP: 6/6
  2954 | D:3      | Found a runed translucent door.
  2955 | D:3      | Noticed Crazy Yiuf
  2966 | D:3      | Killed Crazy Yiuf
  3426 | D:4      | Noticed an ogre
  3432 | D:4      | Killed an ogre
  3433 | D:4      | Reached XP level 7. HP: 46/55 MP: 7/7
  3502 | D:4      | Reached skill level 5 in Fighting
  3502 | D:4      | Reached skill level 5 in Armour
  3716 | D:4      | Found a staircase to the Ecumenical Temple.
  3743 | Temple   | Entered the Ecumenical Temple
  3750 | Temple   | Became a worshipper of Qazlal Stormbringer
  4117 | D:4      | Killed from afar by an orc priest

Illustrated notes

Levels and vault maps discovered:
D:1:      nicolae_arrival_somewhat_less_tricky_arrival, layout_basic
D:2:      minmay_inner_zag, layout_rooms, chequers_decorated_corner,
          dreamdust_wishing_well, uniq_natasha
D:3:      layout_loops_ring, mainiacjoe_overflow_paths,
          nzn_wu_jian_contemplation, uniq_robin, uniq_crazy_yiuf_cottage
D:4:      minmay_chambers_of_fours, layout_basic, minmay_temple_entry_water_ring
Temple:   nicolae_temple_x_marks_the_god

Skill      XL: |  1  2  3  4  5  6  7 |
---------------+----------------------+-----
Dodging        | 1 2 3 4 |  4.5
Fighting       | 4 5 |  5.1
Armour         | 4 5 |  5.1
Axes           | |  2.0
Shields        | |  4.0
Invocations    | |  0.6

Action                     |  1- 3 |  4- 6 |  7- 9 || total
---------------------------+-------+-------+-------++-------
  Melee: War axe           |    97 |   107 |       ||   204
         Unarmed           |       |     3 |       ||     3
         Halberd           |       |    28 |    42 ||    70
    Use: Scroll            |     1 |     7 |     2 ||    10
         Potion            |       |     1 |       ||     1
 Armour: Scale mail        |    67 |     1 |       ||    68
         Chain mail        |       |    60 |    15 ||    75
         Skin              |       |     1 |       ||     1
  Dodge: Dodged            |    57 |   100 |    27 ||   184
  Block: Buckler           |    31 |    42 |    13 ||    86
